 Dungeon Crawl Stone Soup version 0.31-a0-1025-g2e47921a08 (webtiles) character file.

Game seed: 12470863312905120934

24 Azuregosa the Sneak (level 3, -8/26 HPs)
             Began as an Octopode Delver on Nov 17, 2023.
             Was an Initiate of Hepliaklqana.
             Splashed by a jelly's acid (10 damage)
             ... on level 6 of the Dungeon.
             The game lasted 00:01:39 (66 turns).

Azuregosa the Sneak (Octopode Delver)                 Turns: 66, Time: 00:01:41

Health: -8/26      AC:  1    Str: 11    XL:     3   Next: 2%
Magic:  1/6        EV: 13    Int: 12    God:    Hepliaklqana [......]
Gold:   0          SH:  0    Dex: 15    Spells: 6/6 levels left

rFire   . . .        a - +0 hand axe
rCold   . . .        (no shield)
rNeg    . . .        (helmet restricted)
rPois   .            (no amulet)
rElec   .            (no ring)
rCorr   .            (no ring)
SInv    .            (no ring)
Will    .....        (no ring)
Stlth   ++++         (no ring)
HPRegen 0.24/turn    (no ring)
MPRegen 0.10/turn    (no ring)
                     (no ring)

%: no passive effects
@: no status effects
A: almost no armour, amphibious, 8 rings, camouflage 1, gelatinous body 1,
(nimble swimmer 1), tentacles
a: Renounce Religion


You were on level 6 of the Dungeon.
You worshipped Hepliaklqana.
Hepliaklqana was noncommittal.
You visited 1 branch of the dungeon, and saw 2 of its levels.

Inventory:

Hand Weapons
 a - a +0 hand axe (weapon)
Wands
 f - a wand of digging (3)
Scrolls
 b - a scroll of fog
 d - a scroll of fear
 g - a scroll of immolation {unknown}
Potions
 e - a potion of haste


   Skills:
 - Level 3.0 Fighting
 - Level 2.0 Axes
 - Level 2.0 Dodging
 - Level 6.6 Stealth
 + Level 2.3 Spellcasting


You had 6 spell levels left.
You didn't know any spells.
Your spell library was empty.

Dungeon Overview and Level Annotations

Branches:
Dungeon (6/15)
 Temple: D:4-7

Altars:
Hepliaklqana


Innate Abilities, Weirdness & Mutations

You cannot wear most types of armour.
You are amphibious.
You can wear up to eight rings at the same time.
Your skin changes colour to match your surroundings (Stealth+).
Your rubbery body absorbs attacks. (AC +1, EV +1)
((You are camouflaged when in or above water. (Stealth+)))
You have tentacles for arms and can constrict up to eight enemies at once.


Message History

You closely miss the iguana. You grab the iguana. You squeeze the iguana.
The iguana is lightly wounded.
You constrict the iguana.
The jelly jiggles.
The iguana closely misses you.
You hit the iguana but do no damage.
The iguana is lightly wounded.
You constrict the iguana. The iguana barely misses you.
You hit the iguana. You squeeze the iguana.
The iguana is heavily wounded.
You constrict the iguana. The iguana misses you.
You hit the iguana.
You squeeze the iguana, but do no damage.
The iguana is severely wounded.
You hit the jelly but do no damage.
Your tentacles burn!
You constrict the iguana, but do no damage.
The iguana barely misses you. The jelly hits you.
You are splashed with acid!
Ouch! That really hurt!
You hit the iguana but do no damage. You squeeze the iguana.
You kill the iguana!
You hit the jelly but do no damage.
Your tentacles burn!
* * * LOW HITPOINT WARNING * * *
The jelly hits you but does no damage. The jelly misses you.
Your Spellcasting skill gained 2 levels and is now at level 2!
You have reached level 2!
You have reached level 3!
Your experience leads to an increase in your attributes!
Increase (S)trength, (I)ntelligence, or (D)exterity?
You feel agile. x2
You hit the jelly.
Your tentacles burn!
* * * LOW HITPOINT WARNING * * *
The jelly is moderately wounded.
The jelly misses you.
You slash the jelly!
Your tentacles burn!
* * * LOW HITPOINT WARNING * * *
The jelly is severely wounded.
The jelly hits you.
* * * LOW HITPOINT WARNING * * *
You are splashed with acid!
You die...

,,,,,,,,,,,,,,,** **,,***
*,,,,,,,,,,,,,,* *#####.,****
**,,,,,,,,,,,,**##.......,,,*
**,,,,,,,,,,,* #.........,,*
****,,,,,,,**##..........,*
********* #............#*
#.............#
#.J...........# *********
#@............# *
***,,,....####............#
****,,,,.....#####...........#
**,,,,,,.....######..........#
,,,,,,,,.....#######.........#
,,,,,,,,.....#########......#*
,,,,,,,,....##########......#
,,,,,,,,....####.####..<#...#
,,,,,,,,....####...#....###.#


You could see a jelly.

Vanquished Creatures
  An iguana (D:6)
1 creature vanquished.

Notes
Turn   | Place    | Note
-------+----------+-------------------------------------------
     0 | D:5      | Azuregosa the Octopode Delver began the quest for the Orb.
     0 | D:5      | Reached XP level 1. HP: 16/16 MP: 1/1
     4 | D:5      | Became a worshipper of Hepliaklqana the Forgotten
    11 | D:5      | Noticed an ogre
    22 | D:6      | Noticed an iguana
    28 | D:6      | Noticed a jelly
    45 | D:6      | Noticed a steam dragon
    53 | D:6      | Noticed an iguana
    64 | D:6      | Killed an iguana
    65 | D:6      | Reached XP level 2. HP: 4/21 MP: 1/5
    65 | D:6      | Reached XP level 3. HP: 5/26 MP: 1/6
    66 | D:6      | Splashed by a jelly's acid

Illustrated notes

Levels and vault maps discovered:
D:5:      layout_cave_pools, overflow_temple_1_default,
          fedhas_altar_decomposition, due_unseen_surprise
D:6:      layout_cave_pods, dk_rats_in_the_wall

Skill      XL: |  1 |
---------------+----+-----
Spellcasting   | 2 |  2.3
Fighting       | |  3.0
Axes           | |  2.0
Dodging        | |  2.0
Stealth        | |  6.6

Action                     || total
---------------------------++-------
  Melee: Hand axe          ||     7
         Tentacles         ||     4
         Constrict         ||     1
    Use: Scroll            ||     1
 Armour: Skin              ||     3
  Dodge: Dodged            ||     6

Table legend: (Time is in decaauts)
 A = Elapsed time spent in this place.
 B = Non-inter-level travel time spent in this place.
 C = Inter-level travel time spent in this place.
 D = Time resting spent in this place.
 E = Time spent auto-exploring this place.
 F = Levels seen in this place.
 G = Mean time per level.
                   A        B        C        D        E       F      G
               +--------+--------+--------+--------+--------+-----+--------+
         Total |     66 |     66 |      0 |      0 |      0 |   2 |   33.0 |
       Dungeon |     66 |     66 |      0 |      0 |      0 |   2 |   33.0 |
               +--------+--------+--------+--------+--------+-----+--------+

Top non-repeatable levels by time:
     D:6: 47 daAuts
     D:5: 19 daAuts
